 Dungeon Crawl Stone Soup version 0.31-a0-246-g8cbcc1cb85 (webtiles) character file.

Game seed: 12418369704380579875

736 Iniera the Trooper (level 7, -2/56 HPs)
             Began as a Demonspawn Brigand on July 13, 2023.
             Slain by an iguana (6 damage)
             ... on level 4 of the Dungeon.
             The game lasted 00:04:24 (4224 turns).

Iniera the Trooper (Demonspawn Brigand)             Turns: 4224, Time: 00:04:24

Health: -2/56      AC: 12    Str: 13    XL:     7   Next: 46%
Magic:  10/10      EV:  7    Int: 12    God:
Gold:   217        SH:  0    Dex: 15    Spells: 6/6 levels left

rFire   . . .        a - +2 whip (elec)
rCold   . . .        (no shield)
rNeg    + . .        c - +0 chain mail
rPois   .            (helmet restricted)
rElec   .            k - +2 cloak {Stlth+}
rCorr   .            (no gloves)
SInv    .            (no boots)
Will    .....        (no amulet)
Stlth   +            b - ring of positive energy
HPRegen 0.29/turn    h - ring of flight
MPRegen 0.12/turn

%: no passive effects
@: flying
A: antennae 2, ignite blood 1
a: no special abilities


You were on level 4 of the Dungeon.
You visited 1 branch of the dungeon, and saw 5 of its levels.

You collected 217 gold pieces.

Inventory:

Hand Weapons
 a - a +2 whip of electrocution (weapon)
 q - a +0 war axe
Missiles
 d - 9 poisoned darts (quivered)
 z - 3 curare-tipped darts
Armour
 c - a +0 chain mail (worn)
 k - a +2 cloak of stealth (worn)
Jewellery
 b - a ring of positive energy (left hand)
 h - a ring of flight (right hand)
Wands
 l - a wand of quicksilver (10)
Scrolls
 e - a scroll of teleportation
 f - a scroll of enchant armour
Potions
 i - 2 potions of attraction
 j - a potion of lignification
 m - a potion of mutation
 n - a potion of might {unknown}
 o - a potion of enlightenment {unknown}
 p - a potion of heal wounds {unknown}
 r - a potion of curing


   Skills:
 + Level 5.4 Fighting
 - Level 1.7 Short Blades
 - Level 2.0 Throwing
 + Level 4.4 Armour
 - Level 0.8 Dodging
 - Level 3.6 Stealth
 + Level 4.8 Invocations


You had 6 spell levels left.
You didn't know any spells.
Your spell library contained the following spells:

 Spells                   Type           Power      Damage    Failure   Level
 Sublimation of Blood     Necr           0%         N/A       100%        2
 Portal Projectile        Hex/Tloc       0%         N/A       100%        3
 Tukima's Dance           Hex            0%         N/A       100%        3
 Iskenderun's Mystic Bla  Conj/Tloc      0%         2d3       100%        4
 Petrify                  Tmut/Erth      0%         N/A       100%        4
 Irradiate                Conj/Tmut      0%         3d11      100%        5


Dungeon Overview and Level Annotations

Branches:
Dungeon (5/15)
 Temple: D:4-7

Altars:
Qazlal

Annotations:
D:3 2 transporters, Demosthentine's ghost, amateur DsGl


Innate Abilities, Weirdness & Mutations

You have a pair of antennae on your head.
Your demonic aura sometimes causes spilled blood to erupt in flames.


Message History

The ogre is lightly wounded.
The iguana bites you.
The ogre hits you with a +0 giant club!!
You are too injured to fight recklessly!
You are too injured to fight recklessly!
You are too injured to fight recklessly!
You are too injured to fight recklessly!
You are too injured to fight recklessly!
The iguana attacks as you move away! The iguana bites you!
The ogre attacks as you move away! The ogre hits you with a +0 giant club!
The iguana bites you but does no damage.
You hit the iguana.
The iguana is lightly wounded.
The iguana bites you but does no damage.
The iguana attacks as you move away!
The iguana bites you but does no damage.
The iguana attacks as you move away!
The iguana bites you but does no damage.
The iguana attacks as you move away!
The iguana bites you but does no damage.
The iguana attacks as you move away!
The iguana bites you but does no damage.
There is a stone staircase leading up here.
The iguana bites you.
You fly upwards.
There is a stone staircase leading down here.
You hit the iguana.
The iguana is moderately wounded.
The iguana bites you!
* * * LOW HITPOINT WARNING * * *
You closely miss the iguana.
The iguana is moderately wounded.
The iguana bites you!
* * * LOW HITPOINT WARNING * * *
You hit the iguana but do no damage.
The iguana is moderately wounded.
The iguana bites you but does no damage.
The iguana hisses menacingly.
The iguana bites you.
You die...

#..........#<# #.########.#.# #.#
#.#.# ############# #.# #.#.#
#...........# #.# #.#.#
#...........# #.# #.#.#
##...........# #.# #.#.#
.....(.......#######.########.#.#
.........<...+.l@................
#............###+###......#...#.#
.............#.......####.#.....#
##.#'#####..##.......####.#.....#
##>#.#......##..................#
...#.#.###..#....####.###.##....#
####.#.# #.##.#.#####.#.......#.#
.....#.# #.........##.#.#.###.#.#
######.# ####.#.##.##.#.#†# #.#.#


You could see an iguana.

Vanquished Creatures
  Grinder (D:3)
  An ice beast (D:5)
  A scorpion (D:5)
  3 hounds (D:4)
  An orc priest (D:4)
  Crazy Yiuf (D:2)
  Jessica (D:2)
  Ijyb (D:3)
  Terence (D:1)
  An iguana (D:4)
  2 orc wizards (D:4)
  3 adders
  2 worms
  A dart slug (D:2)
  7 orcs
  6 endoplasms
  A giant cockroach (D:4)
  4 goblins
  8 hobgoblins
  3 kobolds
  2 quokkas (D:2)
  4 ball pythons
  12 bats
  A frilled lizard (D:1)
  10 rats
78 creatures vanquished.

Notes
Turn   | Place    | Note
-------+----------+-------------------------------------------
     0 | D:1      | Iniera the Demonspawn Brigand began the quest for the Orb.
     0 | D:1      | Reached XP level 1. HP: 16/16 MP: 1/1
   305 | D:1      | Gained mutation: Your demonic aura sometimes causes spilled
                  | blood to erupt in flames. [demonic ancestry]
   305 | D:1      | Reached XP level 2. HP: 22/22 MP: 2/2
   766 | D:1      | Reached skill level 1 in Armour
  1158 | D:2      | Found a runed translucent door.
  1159 | D:2      | Noticed Crazy Yiuf
  1167 | D:2      | Killed Crazy Yiuf
  1168 | D:2      | Reached skill level 3 in Fighting
  1168 | D:2      | Reached XP level 3. HP: 15/29 MP: 3/3
  1330 | D:2      | Gained mutation: You have a pair of small antennae on your
                  | head. [demonic ancestry]
  1330 | D:2      | Reached XP level 4. HP: 35/35 MP: 4/4
  1434 | D:2      | Noticed Jessica
  1434 | D:2      | Noticed Terence
  1509 | D:1      | Killed Terence
  1534 | D:2      | Killed Jessica
  1925 | D:2      | You fall into a shaft and drop 1 floor!
  1930 | D:3      | Found a stormy altar of Qazlal.
  2002 | D:3      | Noticed Ijyb
  2015 | D:3      | Killed Ijyb
  2016 | D:3      | Reached XP level 5. HP: 38/42 MP: 5/5
  2030 | D:3      | Found a transporter.
  2033 | D:3      | Noticed an ogre
  2033 | D:3      | Noticed Demosthentine's ghost (amateur DsGl)
  2034 | D:3      | Noticed an ogre
  2044 | D:3      | Identified the +6 dire flail of the Burning Owl {venom,
                  | rN++ Str-3 Dex+3 Stlth-}
  2044 | D:3      | Noticed an ogre
  2049 | D:3      | Reached skill level 1 in Invocations
  2102 | D:3      | Found a transporter.
  2118 | D:3      | Reached skill level 4 in Fighting
  2376 | D:3      | Noticed Grinder
  2393 | D:3      | Killed Grinder
  2394 | D:3      | Gained mutation: You have a pair of antennae on your head.
                  | [demonic ancestry]
  2394 | D:3      | Reached XP level 6. HP: 19/49 MP: 5/8
  3512 | D:4      | Reached skill level 5 in Fighting
  3600 | D:4      | Reached XP level 7. HP: 56/56 MP: 8/10
  4008 | D:5      | Entered Level 5 of the Dungeon
  4224 | D:4      | Slain by an iguana

Illustrated notes

Levels and vault maps discovered:
D:1:      psy_arrival_terrarium, layout_loops_corners
D:2:      layout_basic, uniq_jessica, uniq_terence, uniq_crazy_yiuf_cottage
D:3:      kennysheep_six_static_rooms, layout_basic,
          mainiacjoe_overflow_small_starburst, gammafunk_ghost_smash,
          kennysheep_pointless_box, uniq_grinder, uniq_ijyb
D:4:      layout_basic
D:5:      cheibrodos_thug_alley, layout_basic, old_standard_altar, uniq_pikel

Skill      XL: |  1  2  3  4  5  6 |
---------------+-------------------+-----
Throwing       | 2 |  2.0
Armour         | 1 2 3 4 |  4.4
Fighting       | 3 4 5 |  5.4
Invocations    | 3 4 |  4.8
Short Blades   | |  1.7
Dodging        | |  0.8
Stealth        | |  3.6

Action                     |  1- 3 |  4- 6 |  7- 9 || total
---------------------------+-------+-------+-------++-------
  Melee: Dagger            |    36 |       |       ||    36
         Whip              |    50 |   137 |    44 ||   231
         Punch             |       |     2 |       ||     2
  Throw: Dart              |     1 |       |       ||     1
    Use: Scroll            |       |    10 |       ||    10
         Potion            |       |     4 |       ||     4
   Stab: Sleeping          |     4 |     2 |       ||     6
         Invisible         |       |     2 |       ||     2
 Armour: Robe              |    20 |       |       ||    20
         Ring mail         |    20 |     2 |       ||    22
         Chain mail        |       |    86 |    25 ||   111
  Dodge: Dodged            |    60 |    47 |    20 ||   127

Table legend: (Time is in decaauts)
 A = Elapsed time spent in this place.
 B = Non-inter-level travel time spent in this place.
 C = Inter-level travel time spent in this place.
 D = Time resting spent in this place.
 E = Time spent auto-exploring this place.
 F = Levels seen in this place.
 G = Mean time per level.
                   A        B        C        D        E       F      G
               +--------+--------+--------+--------+--------+-----+--------+
         Total |   4243 |   4111 |    132 |     56 |   3314 |   5 |  848.6 |
       Dungeon |   4243 |   4111 |    132 |     56 |   3314 |   5 |  848.6 |
               +--------+--------+--------+--------+--------+-----+--------+

Top non-repeatable levels by time:
     D:4: 1105 daAuts
     D:1: 1087 daAuts
     D:3: 992 daAuts
     D:2: 842 daAuts
     D:5: 215 daAuts
